 Dungeon Crawl Stone Soup version 0.32-a0-7-ge934b4519a (webtiles) character file.

Game seed: 1321903617800394916

1048 wildpjah the Carver (level 8, -9/61 HPs)
             Began as a Merfolk Gladiator on Jan 14, 2024.
             Mangled by an ogre
             ... wielding a +0 giant spiked club
              (28 damage)
             ... on level 5 of the Dungeon.
             The game lasted 00:10:49 (4326 turns).

wildpjah the Carver (Merfolk Gladiator)             Turns: 4326, Time: 00:10:49

Health: -9/61      AC:  5    Str: 14 (15) XL:     8   Next: 25%
Magic:  7/7        EV: 15    Int:  7      God:
Gold:   252        SH:  0    Dex: 19      Spells: 7/7 levels left

rFire   . . .        a - +0 long sword
rCold   . . .        (no shield)
rNeg    . . .        b - +0 leather armour
rPois   .            q - +2 hat
rElec   .            (no cloak)
rCorr   .            (no gloves)
SInv    .            (no boots)
Will    .....        (no amulet)
Stlth   +++          (no ring)
HPRegen 0.30/turn    (no ring)
MPRegen 0.10/turn

%: no passive effects
@: no status effects
A: (nimble swimmer 2), mertail, thin skeletal structure 1, low MP 1
a: no special abilities


You were on level 5 of the Dungeon.
You visited 1 branch of the dungeon, and saw 5 of its levels.

You collected 252 gold pieces.

Inventory:

Hand Weapons
 a - a +0 long sword (weapon)
 s - a +0 dagger of draining
Missiles
 d - 2 throwing nets (quivered)
 e - a javelin
 h - 7 boomerangs
Armour
 b - a +0 leather armour (worn)
 c - a +0 helmet
 q - a +2 hat (worn)
Scrolls
 g - a scroll of butterflies {unknown}
 k - 3 scrolls of noise {unknown}
 l - 6 scrolls of identify {unknown}
 m - 4 scrolls of teleportation {unknown}
 n - a scroll of vulnerability {unknown}
 o - 2 scrolls of fear {unknown}
 p - a scroll of poison {unknown}
 r - 2 scrolls of enchant weapon {unknown}
Potions
 f - a potion of mutation
 i - a potion of enlightenment {unknown}
 j - a potion of degeneration
 t - a potion of haste {unknown}
 u - a potion of curing
 v - 2 potions of brilliance {unknown}
 w - a potion of invisibility {unknown}


   Skills:
 + Level 4.7 Fighting
 + Level 0.1(5.0) Short Blades
 * Level 8.2 Long Blades
 + Level 2.4 Throwing
 + Level 2.1 Armour
 + Level 6.0 Dodging
 + Level 3.4 Stealth


You had 7 spell levels left.
You didn't know any spells.
Your spell library contained the following spells:

 Spells                   Type           Power      Damage    Failure   Level
 Static Discharge         Conj/Air       0%         3-3/arc   65%         2
 Airstrike                Air            0%         2d(0-16)  99%         4
 Summon Lightning Spire   Summ/Air       0%         N/A       99%         4


Dungeon Overview and Level Annotations

Branches:
Dungeon (5/15)
 Temple: D:4-7

Altars:
Trog

Shops:
D:2 :   D:4 *


Innate Abilities, Weirdness & Mutations

((You are very nimble when in or above water. (Stealth+, EV+, Speed+++)))
Your lower body shifts to a powerful aquatic tail in water.
You have a somewhat thin skeletal structure. (Dex +2, Stealth+)
Your magical capacity is low. (-10% MP)


Message History

The hound bites you but does no damage. x2
You slash the hound!
The hound is almost dead.
The hound closely misses you.
You slash the hound!
You kill the hound!
No target in view!
You open the door.
There is an open door here.
You open the door.
There is an open door here.
A dart slug comes into view.
The helpless dart slug fails to defend itself.
You slash the dart slug!
You kill the dart slug!
No target in view!
No target in view!
An ogre comes into view. It is wielding a +0 giant spiked club.
The helpless ogre fails to defend itself.
You hit the ogre.
The ogre is lightly wounded.
The ogre closely misses you.
You hit the ogre.
The ogre is moderately wounded.
You slash the ogre!
The ogre is heavily wounded.
The ogre completely misses you.
You hit the ogre but do no damage.
The ogre is heavily wounded.
The ogre hits you with a +0 giant spiked club!
You hit the ogre but do no damage.
The ogre is heavily wounded.
You hit the ogre.
The ogre is severely wounded.
The ogre hits you with a +0 giant spiked club!!
You are too injured to fight recklessly!
You slash the ogre!
The ogre is almost dead.
The ogre hits you with a +0 giant spiked club!!
You die...

.........####.......###'#.....#
...........>..............#####
..........................#..#
#.........................'..#
#.........................#..#
#....##+############.....##..#
'....#.......#.....#.....#...#
#....#.......#.O...+.....#...#
#....#.......#..@..#.....#...#
#....######..####..#.....#...#
.....#..###..####..#.....#...#
.....#.............#.....'...#
.....+.............+.....#...#
.....##'#########..#.....###+#
####...........##..##.....#
#.....^.....#....#.....#
#...........#....#.....#


You could see an ogre.

Vanquished Creatures
  Menkaure (D:4)
  A sky beast (D:5)
  A black bear (D:5)
  An ogre (D:3)
  A phantom (D:3)
  A bullfrog (D:3)
  A jelly (D:4)
  2 bombardier beetles
  An orc priest (D:4)
  4 hounds
  2 sleepcaps
  An orc wizard (D:3)
  6 gnolls
  2 adders
  3 dart slugs
  2 ribbon worms
  9 orcs
  5 ball pythons
  5 bats
  9 endoplasms
  17 giant cockroaches
  6 goblins
  11 hobgoblins
  10 jackals
  3 kobolds
  5 quokkas
  2 frilled lizards
  5 rats
117 creatures vanquished.

Notes
Turn   | Place    | Note
-------+----------+-------------------------------------------
     0 | D:1      | wildpjah the Merfolk Gladiator began the quest for the Orb.
     0 | D:1      | Reached XP level 1. HP: 16/16 MP: 1/1
   194 | D:1      | Reached XP level 2. HP: 23/23 MP: 2/2
   530 | D:2      | Reached XP level 3. HP: 25/28 MP: 3/3
   549 | D:2      | Reached skill level 4 in Long Blades
   664 | D:2      | Found Pin Qodo's Vocational Training.
  1035 | D:2      | Reached XP level 4. HP: 35/35 MP: 4/4
  1151 | D:2      | Reached skill level 1 in Stealth
  1178 | D:3      | Found a bloodstained altar of Trog.
  1267 | D:3      | Noticed a bullfrog
  1273 | D:3      | Killed a bullfrog
  1274 | D:3      | Reached skill level 5 in Long Blades
  1274 | D:3      | Reached XP level 5. HP: 30/41 MP: 5/5
  1475 | D:3      | Reached skill level 5 in Dodging
  1642 | D:3      | Found a faded altar of an unknown god.
  1831 | D:3      | Reached skill level 1 in Armour
  1831 | D:3      | Reached XP level 6. HP: 44/47 MP: 6/6
  2133 | D:3      | Reached skill level 6 in Long Blades
  2258 | D:4      | Found Difilev's General Store.
  2676 | D:4      | Noticed Menkaure
  2690 | D:3      | Gained mutation: Your magical capacity is low. (-10% MP)
                  | [potion of mutation]
  2690 | D:3      | Gained mutation: You have a somewhat thin skeletal
                  | structure. (Dex +2, Stealth+) [potion of mutation]
  2697 | D:3      | Reached XP level 7. HP: 17/54 MP: 6/6
  2835 | D:4      | Killed Menkaure
  3058 | D:4      | Reached skill level 7 in Long Blades
  3821 | D:5      | Entered Level 5 of the Dungeon
  4036 | D:5      | Reached XP level 8. HP: 37/61 MP: 7/7
  4238 | D:5      | Reached skill level 8 in Long Blades
  4326 | D:5      | Mangled by an ogre

Illustrated notes

Levels and vault maps discovered:
D:1:      amcnicky_arrival_double_pillar, layout_rooms,
          chequers_serial_rivers_small_3
D:2:      minmay_roachtagon, layout_rooms, st_stairs_11, minmay_crystal_water,
          corexii_corridor_pit, nicolae_shop_vocational
D:3:      layout_basic, mainiacjoe_overflow_catwalk,
          shapermc_ecumenical_altar_venn
D:4:      layout_layer_cave, serial_shops, nicolae_square_shop, uniq_menkaure
D:5:      layout_gridville

Skill      XL: |  1  2  3  4  5  6  7  8 |
---------------+-------------------------+-----
Long Blades    | 4 5 6 7 8 |  8.2
Fighting       | 3 4 |  4.7
Stealth        | 1 2 3 |  3.4
Dodging        | 5 6 |  6.0
Armour         | 1 2 |  2.1
Short Blades   | |  0.1
Throwing       | |  2.4

Action                     |  1- 3 |  4- 6 |  7- 9 || total
---------------------------+-------+-------+-------++-------
  Melee: Long sword        |   106 |   199 |    76 ||   381
         Punch             |     2 |     1 |       ||     3
         Dagger            |       |     1 |       ||     1
  Throw: Boomerang         |       |     3 |     1 ||     4
         Throwing net      |       |     2 |       ||     2
         Javelin           |       |       |     1 ||     1
    Use: Potion            |       |     3 |       ||     3
   Stab: Sleeping          |     1 |     5 |     9 ||    15
         Held in net/web   |       |     1 |       ||     1
 Armour: Leather armour    |    47 |   123 |    36 ||   206
  Dodge: Dodged            |    86 |   198 |    39 ||   323

Table legend: (Time is in decaauts)
 A = Elapsed time spent in this place.
 B = Non-inter-level travel time spent in this place.
 C = Inter-level travel time spent in this place.
 D = Time resting spent in this place.
 E = Time spent auto-exploring this place.
 F = Levels seen in this place.
 G = Mean time per level.
                   A        B        C        D        E       F      G
               +--------+--------+--------+--------+--------+-----+--------+
         Total |   4369 |   4248 |    121 |    186 |   3066 |   5 |  873.8 |
       Dungeon |   4369 |   4248 |    121 |    186 |   3066 |   5 |  873.8 |
               +--------+--------+--------+--------+--------+-----+--------+

Top non-repeatable levels by time:
     D:4: 1448 daAuts
     D:3: 1243 daAuts
     D:2: 657 daAuts
     D:1: 514 daAuts
     D:5: 505 daAuts
